 Dungeon Crawl Stone Soup version 0.31-a0-313-g785cd24033 (webtiles) character file.

Game seed: 17547961654621936699

39 AdnanSaban the Covered (level 3, 0/24 HPs)
             Began as a Gargoyle Fighter on July 17, 2023.
             Slain by an orc
             ... wielding a +0 club
              (4 damage)
             ... on level 3 of the Dungeon.
             The game lasted 00:01:10 (974 turns).

AdnanSaban the Covered (Gargoyle Fighter)            Turns: 974, Time: 00:01:10

Health: 0/24       AC: 10    Str: 21    XL:     3   Next: 47%
Magic:  3/3        EV:  9    Int:  8    God:
Gold:   71         SH:  4    Dex:  9    Spells: 2/2 levels left

rFire   . . .        a - +0 flail
rCold   . . .        c - +0 buckler
rNeg    + . .        b - +0 scale mail
rPois   ∞            (no helmet)
rElec   +            (no cloak)
rCorr   .            (no gloves)
SInv    .            (no boots)
Will    .....        (no amulet) Stlth
                     (no ring)
HPRegen 0.24/turn    (no ring)
MPRegen 0.08/turn

%: no passive effects
@: no status effects
A: sickness immunity, AC +3, negative energy resistance 1, electricity
resistance, torment resistance 1, petrification resistance
a: no special abilities


You were on level 3 of the Dungeon.
You visited 1 branch of the dungeon, and saw 3 of its levels.

You collected 71 gold pieces.

Inventory:

Hand Weapons
 a - a +0 flail (weapon)
Armour
 b - a +0 scale mail (worn)
 c - a +0 buckler (worn)
Jewellery
 j - a +6 ring of strength
 m - a ring of wizardry
Scrolls
 e - 2 scrolls of noise {unknown}
 f - a scroll of identify {unknown}
 g - 2 scrolls of revelation {unknown}
 h - a scroll of blinking {unknown}
 l - a scroll of fog {unknown}
Potions
 d - a potion of might
 i - a potion of haste {unknown}
 k - a potion of mutation {unknown}


   Skills:
 + Level 3.7 Fighting
 + Level 2.6 Maces & Flails
 + Level 3.8 Armour
 + Level 3.5 Shields


You had 2 spell levels left.
You didn't know any spells.
Your spell library contained the following spells:

 Spells                   Type           Power      Damage    Failure   Level
 Necrotise                Necr           0%         1d4       82%         1
 Portal Projectile        Hex/Tloc       0%         N/A       99%         3
 Tukima's Dance           Hex            0%         N/A       99%         3
 Vampiric Draining        Necr           0%         2d6       99%         3
 Vhi's Electric Charge    Tloc/Air       0%         N/A       99%         3
 Iskenderun's Mystic Bla  Conj/Tloc      0%         2d3       100%        4
 Agony                    Necr           0%         N/A       100%        5
 Arcjolt                  Conj/Air       0%         1d10      100%        5
 Plasma Beam              Fire/Air       0%         2x1d10    100%        6


Dungeon Overview and Level Annotations

Branches:
Dungeon (3/15)

Altars:


Innate Abilities, Weirdness & Mutations

You are immune to sickness and miasma.
Your stone body is resilient. (AC +3)
You are immune to poison.
You resist negative energy. (rN+)
You are resistant to electric shocks. (rElec)
You are resistant to unholy torment.
You are immune to petrification.


Message History

You hit the jackal but do no damage. The jackal barely misses you.
The jackal bites you but does no damage.
You block the jackal's attack.
You barely miss the jackal.
An orc comes into view. It is wielding a +0 club.
You block the jackal's attack. x2
The jackal bites you but does no damage.
You barely miss the jackal.
The orc shouts!
You hear a shout!
The jackal bites you but does no damage.
The jackal completely misses you.
The jackal bites you but does no damage. x3
You block the jackal's attack.
You thump the jackal!
You kill the jackal!
You block the jackal's attack. The jackal closely misses you.
You barely miss the jackal.
The jackal bites you but does no damage.
The jackal barely misses you.
The jackal bites you but does no damage. x2
You sock the jackal!
You kill the jackal!
You block the jackal's attack.
The jackal bites you but does no damage.
You hit the orc but do no damage. The jackal bites you.
* * * LOW HITPOINT WARNING * * *
A goblin comes into view.
It is wielding a +2 dagger of protection.
The orc hits you with a +0 club.
* * * LOW HITPOINT WARNING * * *
The jackal closely misses you.
You hit the orc.
The orc is heavily wounded.
You block the jackal's attack. The orc closely misses you.
The jackal bites you but does no damage.
The orc hits you with a +0 club.
* * * LOW HITPOINT WARNING * * *
You hit the orc but do no damage.
The orc is heavily wounded.
The jackal barely misses you. The orc hits you with a +0 club.
You die...

.. ...##
#. !...#
#. .... #>
... #. ..
# #.#.##.#
#......#
#@†.#
#oh.#
#...#
#...#
..g...
.......
..........
##...#####
#...#


You could see an orc, a jackal and a goblin.

Vanquished Creatures
  An adder (D:3)
  A worm (D:2)
  A dart slug (D:2)
  2 endoplasms (D:2)
  2 giant cockroaches (D:2)
  3 goblins
  A hobgoblin (D:1)
  2 jackals (D:3)
  A quokka (D:1)
  3 ball pythons
  2 frilled lizards (D:1)
  2 kobolds
  5 rats
26 creatures vanquished.

Notes
Turn   | Place    | Note
-------+----------+-------------------------------------------
     0 | D:1      | AdnanSaban the Gargoyle Fighter began the quest for the
                  | Orb.
     0 | D:1      | Reached XP level 1. HP: 14/14 MP: 1/1
   245 | D:1      | Reached XP level 2. HP: 19/19 MP: 2/2
   274 | D:1      | Found a faded altar of an unknown god.
   931 | D:2      | Reached XP level 3. HP: 23/23 MP: 3/3
   974 | D:3      | Slain by an orc

Illustrated notes

Levels and vault maps discovered:
D:1:      dpeg_arrival_arbitrary_a, layout_loops_cross,
          chequers_ecumenical_altar_simple, minmay_tetromino_t4
D:2:      layout_loops_ring
D:3:      layout_loops_cross, doesnt_xom_only_xom, ebering_dispersal_statue_hall

Action                     || total
---------------------------++-------
  Melee: Flail             ||    80
 Armour: Scale mail        ||    44
  Dodge: Dodged            ||    39
  Block: Buckler           ||    21

Table legend: (Time is in decaauts)
 A = Elapsed time spent in this place.
 B = Non-inter-level travel time spent in this place.
 C = Inter-level travel time spent in this place.
 D = Time resting spent in this place.
 E = Time spent auto-exploring this place.
 F = Levels seen in this place.
 G = Mean time per level.
                   A        B        C        D        E       F      G
               +--------+--------+--------+--------+--------+-----+--------+
         Total |    999 |    977 |     22 |      0 |    778 |   3 |  333.0 |
       Dungeon |    999 |    977 |     22 |      0 |    778 |   3 |  333.0 |
               +--------+--------+--------+--------+--------+-----+--------+

Top non-repeatable levels by time:
     D:1: 688 daAuts
     D:2: 295 daAuts
     D:3: 16 daAuts
